 Dungeon Crawl Stone Soup version 0.29.1-14-g9c671dbff4 (webtiles) character file.

Game seed: 13940046642408665969

1 Wobber the Insei (level 1, 0/13 HPs)
             Began as an Octopode Transmuter on Feb 14, 2023.
             Slain by a gnoll
             ... wielding a +1 whip of flaming
              (1 damage)
             ... on level 1 of the Dungeon.
             The game lasted 00:01:10 (135 turns).

Wobber the Insei (Octopode Transmuter)               Turns: 135, Time: 00:01:10

Health: 0/13       AC:  1    Str:  9    XL:     1   Next: 20%
Magic:  2/3        EV: 13    Int: 15    God:
Gold:   11         SH:  0    Dex: 12    Spells: 3/4 levels left

rFire   . . .      SeeInvis .     - Unarmed
rCold   . . .      Faith    .   (no shield)
rNeg    . . .      Spirit   .   (helmet currently unavailable)
rPois   .          Reflect  .   (no amulet)
rElec   .          Harm     .   (no ring)
rCorr   .          Rampage  .   (no ring)
Will    .....                   (no ring)
Stlth   ++........              (no ring)
HPRegen 0.04/turn               (no ring)
MPRegen 0.08/turn               (no ring)
                                (no ring)
                                (no ring)

@: appendages (expiring)
A: tentacle spike 3, almost no armour, amphibious, 8 rings, camouflage 1,
gelatinous body 1, (nimble swimmer 1), tentacles
a: End Transformation


You were on level 1 of the Dungeon.
One of your tentacles had grown a beastly spike.
You visited 1 branch of the dungeon, and saw 1 of its levels.

You collected 11 gold pieces.

Inventory:

Scrolls
 c - a scroll of enchant armour {unknown}
Potions
 a - a potion of lignification
 b - a potion of cancellation {unknown}


   Skills:
 - Level 1.0 Fighting
 - Level 2.0 Dodging
 + Level 0.3 Stealth
 - Level 3.0 Unarmed Combat
 - Level 2.0 Spellcasting
 * Level 2.0 Transmutations


You had 3 spell levels left.
You knew the following spells:

 Your Spells              Type           Power      Damage    Failure   Level
a - Beastly Appendage     Tmut           14%        N/A       10%         1

Your spell library contained the following spells:

 Spells                   Type           Power      Damage    Failure   Level
 Wereblood                Tmut           7%         N/A       14%         2
 Spider Form              Tmut/Pois      4%         N/A       41%         3
 Ice Form                 Ice/Tmut       4%         N/A       82%         4


Dungeon Overview and Level Annotations

Branches:
Dungeon (1/15)

Altars:


Innate Abilities, Weirdness & Mutations

One of your tentacles has grown a beastly spike.
You cannot wear most types of armour.
You are amphibious.
You can wear up to eight rings at the same time.
Your skin changes colour to match your surroundings (Stealth+).
Your rubbery body absorbs attacks. (AC +1, EV +1)
((You are camouflaged when in or above water. (Stealth+)))
You have tentacles for arms and can constrict up to eight enemies at once.


Message History

One of your tentacles grows a vicious spike.
There are no items here.
Your transformation is almost over.
The hobgoblin shouts!
You see here 11 gold pieces.
You now have 11 gold pieces.
The hobgoblin hits you.
You tentacle-slap the hobgoblin. You grab the hobgoblin.
You pierce the hobgoblin, but do no damage.
You squeeze the hobgoblin.
You kill the hobgoblin!
You start resting.
Your tentacle spike disappears.
Magic restored.
HP restored.
Found a stone staircase leading down.
Found an escape hatch in the floor.
b - a viscous emerald potion A gnoll comes into view.
It is wielding a +1 whip of flaming.
You see here a scroll labelled WEDILLENKEAR.
c - a scroll labelled WEDILLENKEAR One of your tentacles grows a vicious spike.
A ball python comes into view.
The ball python hisses angrily.
The helpless gnoll fails to defend itself.
You tentacle-slap the gnoll. You grab the gnoll.
You pierce the gnoll, but do no damage.
The gnoll is lightly wounded.
Your transformation is almost over.
You constrict the gnoll.
The gnoll hits you with a +1 whip of flaming.
The gnoll burns you.
The ball python bites you but does no damage.
The ball python grabs you. The ball python constricts you.
You escape the ball python's grasp.
You release your grip on the gnoll.
The gnoll attacks as you move away!
The gnoll hits you with a +1 whip of flaming.
* * * LOW HITPOINT WARNING * * *
The gnoll burns you.
You die...

.######.# ....
......).# .... #
..#####.## #..#.##.
#####..# ### #..#....
..##.## ... ........
#.##.#
##.##.##........##.##.#
#.....g..# #.......#
#@.# ####.####
..#.#S.###### #.#
...........>.# #.##
.##..#.#.....####..####
.......#........##..>..
.....###.....##.##..###
#...# #.....##.##..#
#.## #..#####.....#
#.## #.......#


You could see a gnoll and a ball python.

Vanquished Creatures
  A hobgoblin (D:1)
1 creature vanquished.

Notes
Turn   | Place    | Note
-------+----------+-------------------------------------------
     0 | D:1      | Wobber the Octopode Transmuter began the quest for the Orb.
     0 | D:1      | Reached XP level 1. HP: 13/13 MP: 3/3
   135 | D:1      | Slain by a gnoll

Illustrated notes

Levels and vault maps discovered:
D:1:      minmay_arrival_wavy_path, layout_loops_cross,
          dilly_ecumenical_altar_fadedgnrine

Action                   || total
-------------------------++-------
Melee: Unarmed           ||     2
       Constrict         ||     2
       Kick              ||     2
       Tentacles         ||     1
 Cast: Beastly Appendage ||     2
 Stab: Sleeping          ||     1
Armor: Skin              ||     1
